 Dungeon Sprint DCSS version 0.19-a0-1568-gdd01aac (webtiles) character file.

12823 poirepourri the Ninja (level 11, -10/50 HPs)
             Began as a Spriggan Enchanter on Sept 15, 2016.
             Was the Champion of Dithmenos.
             Splashed by an oklob plant's acid (12 damage)
             ... in the Dungeon (Sprint IV: "Fedhas' Mad Dash").
             The game lasted 00:08:19 (2552 turns).

poirepourri the Ninja (Spriggan Enchanter)          Turns: 2552, Time: 00:08:20

Health: -10/50     AC:  3    Str:  7    XL:     11   Next: 67%
Magic:  24/28      EV: 26    Int: 16    God:    Dithmenos [******]
Gold:   370        SH:  0    Dex: 21    Spells: 5 memorised, 22 levels left

rFire  . . .     SeeInvis +     n - +1 rapier (freeze)
rCold  . . .     Gourm    .     b - +1 robe
rNeg   . . .     Faith    .     (shield restricted)
rPois  .         Spirit   .     (helmet restricted)
rElec  .         Dismiss  .     (no cloak)
rCorr  .         Reflect  .     (gloves unavailable)
MR     +....     Harm     .     (boots unavailable)
Stlth  ++++++++++ NoTele   +    l - amulet of invisibility {+Inv}
                                m - ring of stealth
                                k - +3 ring of strength

@: very slightly contaminated, wreathed by umbra, heavily drained, very quick
A: unfitting armour, see invisible, herbivore 3, speed 3, screaming 1, slow
metabolism 2
a: Shadow Step, Shadow Form, Renounce Religion, Evoke Invisibility


You were in the Dungeon.
You worshipped Dithmenos.
Dithmenos was exalted by your worship.
You were not hungry.

You visited 1 branch You collected 435 gold pieces.
You spent 65 gold pieces at shops.

Inventory:

Hand Weapons
 a - a +1 dagger
 n - a +1 rapier of freezing (weapon)
 t - a +2 rapier of electrocution
Armour
 b - a +1 robe (worn)
 o - a +0 buckler
Jewellery
 k - a +3 ring of strength (left hand)
 l - the amulet of invisibility (around neck) {+Inv}
   (You found it in the Dungeon)

   [amulet of nothing]

   It lets you turn invisible.
 m - a ring of stealth (right hand)
Wands
 p - a wand of paralysis (9/24)
Potions
 g - 3 potions of haste
 h - a potion of magic
 i - a potion of berserk rage
Books
 c - a book of Maledictions

   Spells                             Type                      Level
   a - Corona                         Hexes                        1
   b - Ensorcelled Hibernation        Hexes/Ice                    2
   c - Confuse                        Hexes                        3
   d - Tukima's Dance                 Hexes                        3
   e - Dazzling Spray                 Conjuration/Hexes            3
 q - a book of Power

   Spells                             Type                      Level
   a - Fulminant Prism                Conjuration/Hexes            4
   b - Iskenderun's Mystic Blast      Conjuration                  4
   c - Venom Bolt                     Conjuration/Poison           5
   d - Bolt of Magma                  Conjuration/Fire/Earth       5
   e - Iron Shot                      Conjuration/Earth            6
   f - Orb of Destruction             Conjuration                  7
   g - Spellforged Servitor           Conjuration/Summoning        7
 s - a book of Minor Magic

   Spells                             Type                      Level
   a - Magic Dart                     Conjuration                  1
   b - Blink                          Translocation                2
   c - Call Imp                       Summoning                    2
   d - Repel Missiles                 Charms/Air                   2
   e - Slow                           Hexes                        2
   f - Conjure Flame                  Conjuration/Fire             3
   g - Mephitic Cloud                 Conjuration/Poison/Air       3
Miscellaneous
 e - a crystal ball of energy
Comestibles
 d - a bread ration


   Skills:
 + Level 2.2(0.6) Fighting
 + Level 11.6(9.6) Short Blades
 + Level 11.1(9.0) Dodging
 O Level 27(24.1) Stealth
 + Level 12.2(10.1) Spellcasting
 + Level 4.8(3.1) Conjurations
 + Level 13.5(11.4) Hexes
 + Level 3.1(1.4) Invocations
 + Level 4.4(2.7) Evocations


You had 22 spell levels left.
You knew the following spells:

 Your Spells              Type           Power        Failure   Level  Hunger
a - Corona                Hex            #####..      1%          1    None
b - Ensorcelled Hibernat  Hex/Ice        ####..       1%          2    None
c - Confuse               Hex            #####...     1%          3    None
d - Tukima's Dance        Hex            #####...     1%          3    None
e - Dazzling Spray        Conj/Hex       ####..       1%          3    None


Dungeon Overview and Level Annotations

Branches:
Dungeon (1/1)

Altars:
Cheibriados
Dithmenos
Elyvilon
Gozag
Hepliaklqana
Kikubaaqudgha
Makhleb
Nemelex Xobeh
Okawaru
Qazlal
Ru
Sif Muna
Trog
Uskayaw
Vehumet
Xom
Yredelemnul
Zin
The Shining One
Beogh
Jiyva
Lugonu

Shops:
D *:!}?(*:****![:((!!

Annotations:
D exclusion: 9 oklob plants


Innate Abilities, Weirdness & Mutations

You are tiny and cannot use many weapons and most armour.
You have supernaturally acute eyesight. (SInv)
You are a herbivore.
You cover ground extremely quickly.
You need consume almost no food.
You occasionally shout uncontrollably at your foes.


Message History

The splash of acid hits you!
The acid burns!
The oklob plant spits acid at you. The splash of acid misses you.
Unknown command.
You hit the oklob plant. You freeze the oklob plant.
The oklob plant is lightly damaged.
Your shadow hits the oklob plant but does no damage.
The oklob plant spits acid at you. The splash of acid hits you!
You emit a cloud of dark smoke.
The acid burns!
* * * LOW HITPOINT WARNING * * *
Unknown command.
Blink to where?
Press: ? - help, Dir - move target cursor, p - oklob plant You are very lightly contaminated with residual magic.
As you read the scroll of blinking, it crumbles to dust.
The oklob plant spits acid at you. The splash of acid hits you!
* * * LOW HITPOINT WARNING * * *
The acid burns!
You die...

..)......)P..........♣.)...∩.∩..)
..........P...###################
'############## ####### #######
.....# ###..#####..P∩∩###....|###
..P..# #.)..'........(##...P.)'†#
...### #..".#####P....'......)###
..## ##....# ###############
...####.....#####∩∩∩#..P.P.P.P.
............'...@∩.∩'.§§.......
............#####∩∩∩#.P§P.P.P.P
############# ###############


You could see 2 oklob plants.

Vanquished Creatures
  Agnes (D)
  A ghost moth (D)
  A spriggan defender (D)
  2 spriggan berserkers (D)
  A spriggan druid (D)
  9 oklob plants (D)
  2 demonic crawlers (D)
  A queen bee (D)
  3 wandering mushrooms (D)
  3 burning bushes (D)
  5 wasps (D)
  2 scorpions (D)
  4 killer bees (D)
  5 oklob saplings (D)
  2 worker ants (D)
  5 spriggans (D)
  A river rat (D)
  A rat (D)
  2 ballistomycete spores (D)
51 creatures vanquished.

Vanquished Creatures (others)
  A ballistomycete (D)
1 creature vanquished.

Grand Total: 52 creatures vanquished

Notes
Turn   | Place    | Note
-------+----------+-------------------------------------------
     0 | D        | poirepourri the Spriggan Enchanter began the quest for the Orb.
     0 | D        | Reached XP level 1. HP: 9/9 MP: 5/5
    10 | D        | Reached skill level 7 in Stealth
    10 | D        | Reached XP level 2. HP: 13/13 MP: 6/6
    20 | D        | Learned a level 2 spell: Ensorcelled Hibernation
    25 | D        | Noticed an oklob sapling
    26 | D        | Killed an oklob sapling
    26 | D        | Reached skill level 9 in Stealth
    26 | D        | Reached XP level 3. HP: 16/16 MP: 8/8
    30 | D        | Reached skill level 5 in Dodging
    30 | D        | Reached skill level 10 in Stealth
    48 | D        | Learned a level 3 spell: Confuse
    50 | D        | Noticed an oklob sapling
    53 | D        | Killed an oklob sapling
    53 | D        | Reached skill level 11 in Stealth
    53 | D        | Reached XP level 4. HP: 21/21 MP: 9/9
    66 | D        | Found an opulent altar of Gozag.
    66 | D        | Found a hazy altar of Hepliaklqana.
    66 | D        | Found a burning altar of Makhleb.
    66 | D        | Found a roughly hewn altar of Beogh.
    66 | D        | Found a sparkling altar of Nemelex Xobeh.
    66 | D        | Found a snail-covered altar of Cheibriados.
    66 | D        | Found a sacrificial altar of Ru.
    66 | D        | Found a deep blue altar of Sif Muna.
    66 | D        | Found a shimmering altar of Xom.
    66 | D        | Found a basalt altar of Yredelemnul.
    67 | D        | Found a viscous altar of Jiyva.
    67 | D        | Found a bloodstained altar of Trog.
    68 | D        | Found an iron altar of Okawaru.
    68 | D        | Found a glowing silver altar of Zin.
    68 | D        | Found a shadowy altar of Dithmenos.
    69 | D        | Found a hide-covered altar of Uskayaw.
    69 | D        | Found an ancient bone altar of Kikubaaqudgha.
    70 | D        | Found a stormy altar of Qazlal.
    70 | D        | Found a glowing golden altar of the Shining One.
    70 | D        | Found a white marble altar of Elyvilon.
    71 | D        | Found a radiant altar of Vehumet.
    71 | D        | Found a corrupted altar of Lugonu.
    74 | D        | Reached skill level 12 in Stealth
    74 | D        | Reached skill level 5 in Hexes
    74 | D        | Reached XP level 5. HP: 24/24 MP: 9/11
    82 | D        | Became a worshipper of Dithmenos the Shadowed
    87 | D        | Learned a level 3 spell: Tukima's Dance
   102 | D        | Reached skill level 13 in Stealth
   119 | D        | Reached * piety under Dithmenos
   119 | D        | Reached skill level 14 in Stealth
   238 | D        | Found Voih Fite's Book Shop.
   238 | D        | Found Gysme's Antique Armour Emporium.
   245 | D        | Noticed a burning bush
   245 | D        | Noticed a wandering mushroom
   246 | D        | Noticed a wandering mushroom
   249 | D        | Killed a burning bush
   249 | D        | Reached ** piety under Dithmenos
   249 | D        | Reached skill level 16 in Stealth
   249 | D        | Reached skill level 5 in Spellcasting
   249 | D        | Reached XP level 6. HP: 28/28 MP: 13/15
   250 | D        | Reached XP level 7. HP: 32/32 MP: 13/16
   251 | D        | Killed a wandering mushroom
   251 | D        | Reached skill level 5 in Short Blades
   251 | D        | Reached skill level 17 in Stealth
   253 | D        | Killed a wandering mushroom
   253 | D        | Reached skill level 18 in Stealth
   253 | D        | Reached skill level 10 in Hexes
   261 | D        | Learned a level 3 spell: Dazzling Spray
   278 | D        | Found Betann's Distillery.
   278 | D        | Found Kupleukh's Distillery.
   291 | D        | Bought a potion of heal wounds for 65 gold pieces
   341 | D        | Noticed a queen bee
   369 | D        | Killed a queen bee
   369 | D        | Reached *** piety under Dithmenos
   369 | D        | Reached skill level 19 in Stealth
   369 | D        | Reached XP level 8. HP: 36/36 MP: 15/18
   450 | D        | Reached **** piety under Dithmenos
   523 | D        | Noticed an oklob plant
   526 | D        | Killed an oklob plant
   526 | D        | Reached skill level 20 in Stealth
   639 | D        | Noticed a burning bush
   642 | D        | Killed a burning bush
   642 | D        | Reached skill level 21 in Stealth
   642 | D        | Reached XP level 9. HP: 39/39 MP: 21/21
   742 | D        | Noticed a burning bush
   742 | D        | Noticed an oklob plant
   743 | D        | Noticed a wandering mushroom
   744 | D        | Killed a burning bush
   744 | D        | Reached ***** piety under Dithmenos
   747 | D        | Killed an oklob plant
   747 | D        | Reached skill level 22 in Stealth
   751 | D        | Killed a wandering mushroom
   791 | D        | Noticed a spriggan druid
   792 | D        | Killed a spriggan druid
   792 | D        | Reached skill level 1 in Conjurations
   906 | D        | Noticed an oklob plant conjurer
   907 | D        | Killed an oklob plant conjurer
   907 | D        | Reached skill level 23 in Stealth
  1061 | D        | Noticed Agnes
  1063 | D        | Found Bocleshroy's Weapon Emporium.
  1063 | D        | Found Aheot's Weapon Shoppe.
  1064 | D        | Killed Agnes
  1064 | D        | Reached skill level 10 in Short Blades
  1064 | D        | Reached skill level 24 in Stealth
  1064 | D        | Reached skill level 1 in Invocations
  1064 | D        | Reached XP level 10. HP: 44/44 MP: 18/24
  1068 | D        | Noticed a spriggan berserker
  1070 | D        | Killed a spriggan berserker
  1080 | D        | Noticed a spriggan defender
  1083 | D        | Killed a spriggan defender
  1083 | D        | Reached skill level 10 in Spellcasting
  1142 | D        | Noticed a spriggan rider
  1146 | D        | Killed a spriggan rider
  1146 | D        | Reached skill level 25 in Stealth
  1152 | D        | Noticed a ghost moth
  1153 | D        | Found Gaufiff's Book Boutique.
  1153 | D        | Found Urowk's Distillery.
  1153 | D        | Found Baonerphe's General Store.
  1295 | D        | Reached XP level 11. HP: 27/47 MP: 15/26
  1624 | D        | Killed a ghost moth
  1624 | D        | Reached skill level 1 in Fighting
  1624 | D        | Reached skill level 26 in Stealth
  2155 | D        | Noticed an oklob plant meteorologist
  2156 | D        | Noticed an oklob plant shifter
  2160 | D        | Killed an oklob plant meteorologist
  2160 | D        | Reached skill level 10 in Dodging
  2160 | D        | Reached skill level 1 in Evocations
  2168 | D        | Killed an oklob plant shifter
  2183 | D        | Noticed a spriggan rider
  2188 | D        | Killed a spriggan rider
  2188 | D        | Reached ****** piety under Dithmenos
  2200 | D        | Gained mutation: You occasionally shout uncontrollably at your foes. [mutagenic glow]
  2233 | D        | Found Xijuen's Magic Scroll Shoppe.
  2233 | D        | Found Qeriph's Weapon Boutique.
  2233 | D        | Found Nodaor's Gadget Shop.
  2233 | D        | Found Fubb's Book Emporium.
  2233 | D        | Found Ryaklo's General Store.
  2234 | D        | Found Taloth's Assorted Antiques.
  2234 | D        | Found Rozoj's Assorted Antiques.
  2234 | D        | Found Qeruboy's General Store.
  2268 | D        | Noticed an oklob plant summoner
  2269 | D        | Found Onoi's Assorted Antiques.
  2269 | D        | Found Teareg Hylu's Distillery.
  2270 | D        | Killed an oklob plant summoner
  2277 | D        | Noticed an oklob plant annihilator
  2278 | D        | Noticed an oklob plant demonologist
  2278 | D        | Noticed a spriggan berserker
  2280 | D        | Killed an oklob plant demonologist
  2282 | D        | Killed a spriggan berserker
  2283 | D        | Killed an oklob plant annihilator
  2283 | D        | Reached skill level 27 in Stealth
  2373 | D        | Got a pitted golden amulet
  2382 | D        | Identified the amulet of the Ban {Harm *Drain MR++ Str+3} (You found it in the Dungeon)
  2410 | D        | Noticed an oklob plant
  2410 | D        | Noticed an oklob plant
  2410 | D        | Noticed an oklob plant
  2410 | D        | Noticed an oklob plant
  2410 | D        | Noticed an oklob plant
  2410 | D        | Noticed an oklob plant
  2411 | D        | Noticed an oklob plant
  2412 | D        | Killed an oklob plant
  2550 | D        | Noticed an oklob plant
  2550 | D        | Noticed an oklob plant
  2550 | D        | Noticed an oklob plant
  2552 | D        | HP: 2/50 [oklob plant/splash of acid (8)]
  2552 | D        | Splashed by an oklob plant's acid

Vault maps used:
D:        dungeon_sprint_fedhas

Skill      XL: |  1  2  3  4  5  6  7  8  9 10 11 |
---------------+----------------------------------+-----
Stealth        | 7 9 11 12 16 19 21 24 25 27 | 27.0
Dodging        | 4 5 6 7 9 11 | 11.1
Spellcasting   | 3 5 6 7 9 10 12 | 12.2
Hexes          | 4 5 9 10 11 12 13 | 13.5
Short Blades   | 3 4 6 7 10 11 | 11.6
Conjurations   | 3 4 |  4.8
Invocations    | 1 3 |  3.1
Fighting       | 2 |  2.2
Evocations     | 4 |  4.4

Action                   |  1- 3 |  4- 6 |  7- 9 | 10-12 || total
-------------------------+-------+-------+-------+-------++-------
Melee: Dagger            |     6 |     5 |       |       ||    11
       Rapier            |       |     2 |    18 |    21 ||    41
 Cast: Ensorcelled Hiber |       |       |     8 |     2 ||    10
       Confuse           |       |       |     1 |     5 ||     6
       Dazzling Spray    |       |       |     1 |     4 ||     5
Invok: Shadow Step       |       |       |     2 |     6 ||     8
 Abil: Evoke Invisibilit |       |       |       |     2 ||     2
  Use: Scroll            |       |     1 |       |     1 ||     2
       Potion            |       |       |     1 |     3 ||     4
 Stab: Sleeping          |     5 |     7 |    15 |    17 ||    44
       Invisible         |       |       |       |     3 ||     3
Dodge: Dodged            |       |       |    19 |    19 ||    38
